 Dungeon Crawl Stone Soup version 0.21.1-1-g345015f (webtiles) character file.

5386 microfolk the Grappler (level 10, 0/105 HPs)
             Began as a Troll Monk on Apr 19, 2018.
             Shot with an arrow by a centaur (11 damage)
             ... on level 8 of the Dungeon.
             The game lasted 00:18:02 (6938 turns).

microfolk the Grappler (Troll Monk)                 Turns: 6938, Time: 00:18:03

Health: 0/105      AC:  8    Str: 23    XL:     10   Next: 39%
Magic:  17/17      EV: 14    Int:  6    God:
Gold:   391        SH:  0    Dex: 15    Spells: 9/9 levels left

rFire    . . .     SeeInvis .     - Unarmed
rCold    . . .     Gourm    +   (no shield)
rNeg     . . .     Faith    .   a - +0 robe
rPois    .         Spirit   .   (helmet restricted)
rElec    .         Reflect  .   t - +1 cloak
rCorr    .         Harm     .   (gloves unavailable)
MR       +....     Clarity  +   (boots unavailable)
Stlth    ++........             m - amulet of regeneration
HPRegen  1.07/turn              n - ring of magical power
MPRegen  0.15/turn              u - ring of protection from magic

@: no status effects
A: large, unfitting armour, claws 3, rugged brown scales 1, clarity, fast
metabolism 3, gourmand, low mp 1, regeneration 1, shaggy fur 1, strong 1, tough
skin 2
a: no special abilities


You were on level 8 of the Dungeon.
You were very full.

You visited 2 branches of the dungeon, and saw 9 of its levels.

You collected 391 gold pieces.

Inventory:

Missiles
 d - 300 stones (quivered)
 h - 3 javelins
 x - 5 large rocks
 y - 26 poisoned needles
 G - 2 throwing nets
Armour
 a - a +0 robe (worn)
 t - a +1 cloak (worn)
Jewellery
 m - an amulet of regeneration (around neck)
 n - a ring of magical power (left claw)
 u - a ring of protection from magic (right claw)
Wands
 D - a wand of acid (6)
Scrolls
 f - a scroll of enchant armour
 g - 6 scrolls of remove curse
 i - 3 scrolls of random uselessness {unknown}
 j - a scroll of enchant weapon {unknown}
 k - 3 scrolls of magic mapping
 r - 3 scrolls of amnesia {unknown}
 w - a scroll of blinking {unknown}
 A - 4 scrolls of immolation {unknown}
Potions
 c - 9 potions of curing
 e - 2 potions of magic
 o - a potion of agility
 p - a potion of might
 q - 4 potions of haste
 v - a potion of brilliance
 B - 3 potions of heal wounds
 C - a potion of berserk rage {unknown}
 E - a potion of cancellation {unknown}
 F - a potion of flight {unknown}
Comestibles
 b - 15 rations
 s - 4 chunks of flesh


   Skills:
 + Level 7.4 Fighting
 * Level 5.2 Throwing
 + Level 7.4 Dodging
 - Level 1.0 Stealth
 + Level 8.9 Unarmed Combat


You had 9 spell levels left.
You didn't know any spells.

Dungeon Overview and Level Annotations

Branches:
Dungeon (8/15)             Temple (1/1) D:6
   Lair: D:8-11

Altars:
Dithmenos
Hepliaklqana
Makhleb
Nemelex Xobeh
Ru
Uskayaw
Vehumet
Zin

Annotations:
D:3 Sigmund
D:7 exclusion: downstairs


Innate Abilities, Weirdness & Mutations

You are too large for most types of armour.
You have claws for hands.
Your metabolism is lightning-fast.
You like to eat raw meat.
Your natural rate of healing is unusually fast.
You are covered in fur. (AC +1)
You have very tough skin. (AC +2)
You are partially covered in rugged brown scales. (AC +1, +3% HP)
You possess an exceptional clarity of mind.
Your magical capacity is low. (-10% MP)
Your muscles are strong. (Str +2)


Message History

A giant cockroach comes into view.
The howler monkey howls!
The yak bellows!
You hear a bellow!
The ufetubus hits you.
* * * LOW HITPOINT WARNING * * *
The ufetubus hits you but does no damage. x3
You hear a shout!
The centaur shouts!
The yak gores you!
* * * LOW HITPOINT WARNING * * *
You see here a scroll labeled ABRILL YNAESM.
The centaur shoots an arrow.
The arrow hits you.
* * * LOW HITPOINT WARNING * * *
The white imp shouts, "Quit, thou fawning weeb-spouting mammet!"
The howler monkey hoots and howls with incredible vigour!
The yak gores you but does no damage.
You hear a howl!
You hear a shout! x4; You hear an angry hiss.
Found a ration.
You see here an arrow.
The centaur shoots an arrow.
The arrow hits you!
You die...

... ......... #.. .......%.
..#####..##........
.$o................
................... .... ..
................... .... ..
......8............. #.. ..
............@s....$.. #..###.
..c.........Y(.......###......
.........c.5Y5h.....>##.......
#.........#...h.......#.(#..∩.
#.........#..D....?...........
#.........##..................
#......Y..##..<.......####....
#.......<.#.............######
#.....((.(....>.........#


You could see a five-headed hydra, 2 yaks, a centaur, 2 howler monkeys, a white
imp, an ufetubus and a giant cockroach.

Vanquished Creatures
  The ghost of Mirai the Thaumaturge, a novice DECj of Vehumet (D:8)
  6 yaks
  A wyvern (D:8)
  The ghost of emiel the Ruffian, an amateur MiEE (D:4)
  A black bear (D:2)
  4 sky beasts
  3 orc warriors
  A necrophage (D:6)
  4 ice beasts
  5 ogres
  A phantom (D:5)
  3 centaurs
  5 bullfrogs
  4 scorpions
  3 killer bees
  2 howler monkeys
  3 crimson imps
  A bullfrog zombie (D:7)
  A centaur skeleton (D:6)
  4 hounds
  2 jellies
  9 orc wizards
  2 bullfrog skeletons
  Crazy Yiuf (D:2)
  3 iguanas
  3 orc priests
  2 worker ants
  Jessica (D:2)
  Ijyb (D:4)
  Natasha (D:1)
  A killer bee zombie (D:7)
  2 worker ant zombies
  Robin (D:3)
  4 adders
  8 gnolls
  2 shadow imps
  A worker ant simulacrum (D:8)
  An ufetubus (D:7)
  2 adder skeletons
  An adder zombie (D:7)
  2 worms
  6 dart slugs
  4 leopard geckos
  13 orcs
  2 ball pythons
  8 giant cockroaches
  10 hobgoblins
  3 jackals
  7 kobolds
  3 quokkas
  3 bats
  6 frilled lizards
  19 goblins
  2 jackal skeletons
  A leopard gecko skeleton (D:6)
  A quokka skeleton (D:4)
  A quokka zombie (D:8)
  5 rats
198 creatures vanquished.

Notes
Turn   | Place    | Note
-------+----------+-------------------------------------------
     0 | D:1      | microfolk the Troll Monk began the quest for the Orb.
     0 | D:1      | Reached XP level 1. HP: 22/22 MP: 0/0
   201 | D:1      | Reached XP level 2. HP: 27/29 MP: 1/1
   802 | D:1      | Gained mutation: You are partially covered in rugged brown scales. (AC +1, +3% HP) [potion of mutation]
   802 | D:1      | Gained mutation: Your magical capacity is low. (-10% MP) [potion of mutation]
   802 | D:1      | Gained mutation: You possess an exceptional clarity of mind. [potion of mutation]
   802 | D:1      | Gained mutation: Your muscles are strong. (Str +2) [potion of mutation]
   830 | D:2      | Noticed Natasha
   833 | D:2      | Noticed Jessica
   838 | D:2      | Reached XP level 3. HP: 37/37 MP: 1/1
   864 | D:1      | Killed Natasha
   961 | D:2      | Killed Jessica
   961 | D:2      | Reached XP level 4. HP: 44/46 MP: 2/2
  1062 | D:2      | Found a runed door.
  1283 | D:2      | Reached skill level 4 in Unarmed Combat
  1293 | D:2      | Reached XP level 5. HP: 26/54 MP: 3/3
  1469 | D:2      | Found a radiant altar of Vehumet.
  1591 | D:2      | Noticed a black bear
  1749 | D:3      | Noticed Robin
  1758 | D:3      | Killed Robin
  1928 | D:3      | Reached XP level 6. HP: 38/63 MP: 4/4
  2087 | D:3      | Noticed Sigmund
  2634 | D:4      | Noticed emiel's ghost (amateur MiEE)
  2636 | D:4      | Reached skill level 5 in Unarmed Combat
  2642 | D:4      | Noticed Ijyb
  2778 | D:2      | Reached XP level 7. HP: 67/73 MP: 5/5
  3048 | D:2      | Noticed Crazy Yiuf
  3054 | D:2      | Killed Crazy Yiuf
  3579 | D:4      | Killed emiel's ghost
  3579 | D:4      | Reached skill level 5 in Fighting
  3579 | D:4      | Reached skill level 5 in Dodging
  3579 | D:4      | Reached skill level 6 in Unarmed Combat
  3579 | D:4      | Reached XP level 8. HP: 51/82 MP: 6/6
  3654 | D:4      | Killed Ijyb
  3723 | D:5      | Entered Level 5 of the Dungeon
  4116 | D:5      | Reached skill level 7 in Unarmed Combat
  4303 | D:5      | Found a hide-covered altar of Uskayaw.
  4533 | D:6      | Reached XP level 9. HP: 91/91 MP: 7/7
  4660 | D:6      | Found a sacrificial altar of Ru.
  4688 | D:6      | Found a staircase to the Ecumenical Temple.
  4792 | D:6      | You fall through a shaft for 2 floors!
  4792 | D:8      | Noticed a five-headed hydra
  4927 | D:7      | Reached skill level 1 in Throwing
  5070 | D:6      | Reached skill level 8 in Unarmed Combat
  5318 | Temple   | Entered the Ecumenical Temple
  5916 | D:7      | Found a shadowy altar of Dithmenos.
  6117 | D:7      | Reached XP level 10. HP: 98/105 MP: 8/8
  6444 | D:8      | Noticed a two-headed ogre
  6646 | D:8      | Noticed Mirai's ghost (novice DECj)
  6743 | D:8      | Killed Mirai's ghost
  6743 | D:8      | Reached skill level 5 in Throwing
  6847 | D:8      | Noticed a two-headed ogre
  6938 | D:8      | Shot with an arrow by a centaur

Skill      XL: |  1  2  3  4  5  6  7  8  9 10 |
---------------+-------------------------------+-----
Fighting       | 3 4 5 6 7 |  7.4
Dodging        | 3 4 5 6 7 |  7.4
Unarmed Combat | 4 5 6 7 8 |  8.9
Throwing       | 4 5 |  5.2
Stealth        | |  1.0

Action                   |  1- 3 |  4- 6 |  7- 9 | 10-12 || total
-------------------------+-------+-------+-------+-------++-------
Melee: Unarmed           |    46 |   191 |   304 |   114 ||   655
       Punch             |     1 |     3 |    13 |     4 ||    21
Throw: Stone             |     7 |     4 |    27 |     8 ||    46
  Use: Scroll            |     2 |     6 |     6 |     2 ||    16
       Potion            |     1 |       |       |       ||     1
 Stab: Sleeping          |     2 |     1 |     5 |       ||     8
       Distracted        |       |     1 |     1 |       ||     2
  Eat: Chunk             |    11 |    20 |    29 |     9 ||    69
Armor: Robe              |    11 |    77 |    75 |    57 ||   220
Dodge: Dodged            |    22 |   119 |   148 |   117 ||   406
